 Dungeon Crawl Stone Soup version 0.28-a0-1524-ge72afd5fc6 (webtiles) character file.

Game seed: 8032887574756861778

37 knot the Chopper (level 3, 25/29 HPs)
             Began as a Demonspawn Berserker on Jan 18, 2022.
             Was a Follower of Trog.
             Quit the game on level 2 of the Dungeon.
             The game lasted 00:00:41 (1016 turns).

knot the Chopper (Demonspawn Berserker)             Turns: 1016, Time: 00:00:42

Health: 25/29      AC:  6    Str: 17    XL:     3   Next: 21%
Magic:  3/3        EV: 11    Int: 10    God:    Trog [*.....]
Gold:   18         SH:  0    Dex: 12    Spells: 2/2 levels left

rFire   . . .      SeeInvis .   a - +0 hand axe
rCold   . . .      Faith    .   (no shield)
rNeg    . . .      Spirit   .   d - +1 leather armour {rPois}
rPois   +          Reflect  .   (no helmet)
rElec   .          Harm     .   (no cloak)
rCorr   .          Rampage  .   (no gloves)
Will    .....                   (no boots)
Stlth   +.........              (no amulet)
HPRegen 0.09/turn               (no ring)
MPRegen 0.08/turn               (no ring)

@: mildly poisoned (25 -> 22)
A: icy blue scales 1, demonic touch 1
a: Renounce Religion, Berserk


You were on level 2 of the Dungeon.
You worshipped Trog.
Trog was aware of your devotion.
You visited 1 branch of the dungeon, and saw 2 of its levels.

You collected 18 gold pieces.

Inventory:

Hand Weapons
 a - a +0 hand axe (weapon)
Missiles
 c - 48 stones (quivered)
Armour
 d - a +1 leather armour of poison resistance (worn)
Scrolls
 b - a scroll of enchant armour {unknown}
Potions
 e - a potion of degeneration {unknown}
 f - a potion of ambrosia {unknown}
 g - a potion of attraction {unknown}
 h - a potion of mutation {unknown}


   Skills:
 - Level 3.0 Fighting
 + Level 4.0 Axes
 - Level 1.7 Armour
 - Level 1.7 Dodging


You had 2 spell levels left.
You didn't know any spells.
Your spell library was empty.

Dungeon Overview and Level Annotations

Branches:
Dungeon (2/15)

Altars:


Innate Abilities, Weirdness & Mutations

You are partially covered in icy blue scales. (AC +2)
Your touch may inflict minor irresistible damage on your foes.


Message History

You kill the bat!
Trog accepts your kill.
No target in view!
No target in view!
No target in view!
You see here a bat corpse.
h - a puce potion No target in view!
A jackal comes into view.
Found a leather armour.
The jackal barks!
An adder comes into view.
A jackal comes into view.
A jackal comes into view.
Found 14 gold pieces.
The adder hisses angrily.
The jackal barks!
There are monsters nearby!
The jackal barks!
You closely miss the adder. Your touch misses the adder.
Your punch misses the adder. You hit the jackal but do no damage.
The adder barely misses you.
The jackal bites you but does no damage.
The adder bites you but does no damage.
The jackal bites you but does no damage.
You hit the adder. Your touch misses the adder.
The adder is heavily wounded.
You hit the jackal. The adder bites you.
You are poisoned.
The adder poisons you!
You hit the adder.
You kill the adder!
Trog accepts your kill.
You miss the jackal.
You feel sick.
The jackal bites you but does no damage. x2
Your Axes skill increases to level 4!
You have reached level 3!
Your experience leads to an increase in your attributes!
Increase (S)trength, (I)ntelligence, or (D)exterity?
You feel clever. x2; Your demonic ancestry asserts itself...
Icy blue scales grow over part of your body.
Are you sure you want to abandon this character and quit the game? (Confirm with "yes".)

#............
#..†#<#..###
#...#.# #
#...#.# . #
#...#.#
.[#.#...#.#
........#.#
........#+#.#
.......@....#
.######hh...#
#h....#
#.....#
#.#+#.# #.#
.# ..$ # #.#


You could see 3 jackals.

Vanquished Creatures
  An adder (D:2)
  3 dart slugs (D:1)
  2 endoplasms (D:1)
  A giant cockroach (D:1)
  2 goblins (D:1)
  A hobgoblin (D:2)
  3 quokkas (D:1)
  3 bats
  3 kobolds (D:1)
  2 rats (D:1)
21 creatures vanquished.

Vanquished Creatures (others)
  A fungus (D:1)
  A plant (D:1)
2 creatures vanquished.

Grand Total: 23 creatures vanquished

Notes
Turn   | Place    | Note
-------+----------+-------------------------------------------
     0 | D:1      | knot the Demonspawn Berserker began the quest for the Orb.
     0 | D:1      | Reached XP level 1. HP: 18/18 MP: 1/1
    30 | D:1      | Reached skill level 3 in Axes
   268 | D:1      | Gained mutation: Your touch may inflict minor irresistible
                  | damage on your foes. [demonic ancestry]
   268 | D:1      | Reached XP level 2. HP: 24/24 MP: 2/2
   604 | D:1      | Found a faded altar of an unknown god.
  1016 | D:2      | Reached skill level 4 in Axes
  1016 | D:2      | Gained mutation: You are partially covered in icy blue
                  | scales. (AC +2) [demonic ancestry]
  1016 | D:2      | Reached XP level 3. HP: 25/29 MP: 3/3
  1016 | D:2      | Quit the game

Illustrated notes

Levels and vault maps discovered:
D:1:      dpeg_arrival_lava_temple_mockup, layout_basic,
          shapermc_ecumenical_altar_mp_urbaneastern, minmay_misc_feat_enclosed
D:2:      layout_basic, nicolae_figureground_pulse

Skill      XL: |  1  2 |
---------------+-------+-----
Axes           | 3 4 |  4.0
Fighting       | |  3.0
Armour         | |  1.7
Dodging        | |  1.7

Action                   || total
-------------------------++-------
Melee: Hand axe          ||    46
       Touch             ||     4
Invok: Berserk           ||     1
Armor: Leather armour    ||    19
       Animal skin       ||     1
Dodge: Dodged            ||    20

Table legend: (Time is in decaauts)
 A = Elapsed time spent in this place.
 B = Non-inter-level travel time spent in this place.
 C = Inter-level travel time spent in this place.
 D = Time resting spent in this place.
 E = Time spent auto-exploring this place.
 F = Levels seen in this place.
 G = Mean time per level.
                   A        B        C        D        E       F      G
               +--------+--------+--------+--------+--------+-----+--------+
         Total |   1032 |   1004 |     28 |    180 |    691 |   2 |  516.0 |
       Dungeon |   1032 |   1004 |     28 |    180 |    691 |   2 |  516.0 |
               +--------+--------+--------+--------+--------+-----+--------+

Top non-repeatable levels by time:
     D:1: 1013 daAuts
     D:2: 19 daAuts
